 Dungeon Crawl Stone Soup version 0.25-a0-294-gea9b1ad378 (webtiles) character file.

Game seed: 8934674004138134339, levelgen mode: deterministic

15365 vishdafish the Cleaver (level 12, -1/103 (104) HPs)
             Began as a Minotaur Fighter on Dec 17, 2019.
             Was an Elder of Nemelex Xobeh.
             Slain by a yak (8 damage)
             ... on level 11 of the Dungeon.
             The game lasted 00:18:23 (11222 turns).

vishdafish the Cleaver (Minotaur Fighter)          Turns: 11222, Time: 00:18:24

HP:   -1/103 (104)  AC: 12    Str: 23    XL:     12   Next: 0%
MP:   18/18         EV:  9    Int:  5    God:    Nemelex Xobeh [****..]
Gold: 423           SH: 16    Dex: 13    Spells: 11/11 levels left

rFire    . . .     SeeInvis .   a - +0 war axe
rCold    + . .     Gourm    .   c - +0 shield
rNeg     . . .     Faith    .   b - +0 scale mail
rPois    .         Spirit   .   (helmet restricted)
rElec    .         Reflect  +   x - +0 cloak
rCorr    .         Harm     .   (no gloves)
MR       .....                  B - +1 pair of boots
Stlth    ..........             I - +4 amulet of reflection
HPRegen  0.27/turn              t - ring of protection from cold
MPRegen  0.16/turn              (no ring)

@: no status effects
A: retaliatory headbutt, horns 2
a: Draw Escape, Draw Destruction, Draw Summoning, Triple Draw, Deal Four,
Renounce Religion


You were on level 11 of the Dungeon.
You worshipped Nemelex Xobeh.
Nemelex Xobeh was greatly pleased with you.
You were not hungry.

You visited 1 branch of the dungeon, and saw 12 of its levels.

You collected 423 gold pieces.

Inventory:

Hand Weapons
 a - a +0 war axe (weapon)
Missiles
 z - 5 javelins (quivered)
Armour
 b - a +0 scale mail (worn)
 c - a +0 shield (worn)
 x - a +0 cloak (worn)
 B - a +1 pair of boots (worn)
Jewellery
 n - an uncursed amulet of the acrobat
 t - a ring of protection from cold (left hand)
 v - an uncursed amulet of regeneration
 I - a +4 amulet of reflection (around neck)
Wands
 w - a wand of digging (6)
 H - a wand of flame (21)
Scrolls
 h - 2 scrolls of noise
 i - 4 scrolls of amnesia
 k - 3 scrolls of blinking {unknown}
 o - 4 scrolls of teleportation {unknown}
 p - 2 scrolls of remove curse
 r - a scroll of magic mapping {unknown}
 s - 2 scrolls of immolation
 y - 5 scrolls of enchant weapon {unknown}
 D - a scroll of acquirement {unknown}
 F - a scroll of fear {unknown}
 G - a scroll of summoning {unknown}
Potions
 d - a potion of might
 e - 4 potions of agility
 g - 3 potions of brilliance
 j - 5 potions of flight
 l - 2 potions of degeneration
 m - 2 potions of mutation {unknown}
 q - 3 potions of heal wounds {unknown}
 u - 4 potions of lignification {unknown}
 A - 5 potions of curing {unknown}
 C - 2 potions of invisibility {unknown}
 E - a potion of magic {unknown}
Comestibles
 f - 30 rations


   Skills:
 + Level 9.3 Fighting
 + Level 11.0 Axes
 - Level 8.2 Throwing
 - Level 9.0 Armour
 * Level 1.5 Dodging
 - Level 9.2 Shields
 - Level 9.5 Invocations


You had 11 spell levels left.
You didn't know any spells.
Your spell library contained the following spells:

 Spells                   Type           Power        Failure   Level  Hunger
 Corona                   Hex            #......      94%         1    ##.....
 Magic Dart               Conj           #...         94%         1    ##.....
 Sandblast                Erth           #.....       94%         1    ##.....
 Sting                    Tmut/Pois      #...         94%         1    ##.....
 Passwall                 Tmut/Erth      #.......     98%         2    ###....
 Searing Ray              Conj           #.....       98%         2    ###....
 Slow                     Hex            #.......     98%         2    ###....
 Dazzling Flash           Conj/Hex       #.....       100%        3    ####...
 Inner Flame              Hex/Fire       #.......     100%        3    ####...
 Portal Projectile        Hex/Tloc       #.....       100%        3    ####...
 Spider Form              Tmut/Pois      #.........   100%        3    ####...
 Stone Arrow              Conj/Erth      #.....       100%        3    ####...
 Cause Fear               Hex            #.........   100%        4    #####..
 Fulminant Prism          Conj/Hex       #.........   100%        4    #####..
 Iskenderun's Mystic Bla  Conj/Tloc      #.......     100%        4    #####..
 Leda's Liquefaction      Hex/Erth       #.........   100%        4    #####..
 Petrify                  Tmut/Erth      #.......     100%        4    #####..
 Summon Ice Beast         Ice/Summ       #.......     100%        4    #####..
 Alistair's Intoxication  Tmut/Pois      #.......     100%        5    ######.
 Lee's Rapid Deconstruct  Erth           #.........   100%        5    ######.
 Yara's Violent Unravell  Hex/Tmut       #.........   100%        5    ######.


Dungeon Overview and Level Annotations

Branches:
Dungeon (12/15)            Temple (0/1) D:4            Lair (0/6) D:8
    Orc (0/2) D:11

Altars:
Ashenzari
Cheibriados
Gozag
Hepliaklqana
Kikubaaqudgha
Makhleb
Nemelex Xobeh
Okawaru
Sif Muna
Trog
Xom
Zin
Jiyva

Shops:
D:7 *


Innate Abilities, Weirdness & Mutations

You reflexively headbutt those who attack you in melee.
You have a pair of horns on your head.


Message History

You feel agile.
You feel stronger.
The explosion engulfs the yak!
The yak is severely wounded.
The explosion engulfs you!
* * * LOW HITPOINT WARNING * * *
A ball of electricity appears!
You feel a surge of magic.
A ball lightning comes into view.
The yak gores you.
* * * LOW HITPOINT WARNING * * *
You draw a card...
You have drawn Velocity.
The yak seems to slow down.
Your ball lightning explodes!
The blast of lightning engulfs the yak!
The yak is almost dead.
The blast of lightning engulfs you.
* * * LOW HITPOINT WARNING * * *
The blast of lightning engulfs the yak!
The yak is almost dead.
The yak gores you!
You die...
Your body glows slightly and disappears.

........##.....#............#
........##.....#........)...#
...............#............#
...............#............#
......##....#'##.#..........#
.[....##.........#..........#
.##..............#..........#
.##............)Y#.(........#
...............)@#..........#
................Y#..........#
#######################.....#
.................#....#.....#
.................#....#.....#
.................#....'.....#
.....<...........#....#.....#
...#######..###########.....#
...#.....#............#.....#


You could see 2 yaks.

Vanquished Creatures
  Erica (D:8)
  2 two-headed ogres
  A centaur zombie (D:11)
  2 cyclopes (D:11)
  2 trolls
  A hornet (D:7)
  6 slime creatures
  2 hippogriffs (D:7)
  2 wyverns
  22 yaks
  A hungry ghost (D:7)
  A warg (D:11)
  An acid dragon (D:11)
  2 soldier ants
  Duvessa (D:6)
  An ice beast (D:8)
  5 porcupines (D:8)
  3 orc warriors
  2 sky beasts (D:7)
  2 black bears
  5 phantoms
  A necrophage (D:6)
  4 crocodiles
  A centaur (D:11)
  4 ogres
  A big kobold (D:4)
  3 bullfrogs
  A gnoll sergeant (D:6)
  Dowan (D:6)
  A wyvern skeleton (D:6)
  3 scorpions
  13 killer bees
  A howler monkey (D:4)
  4 wights (D:4)
  3 crimson imps
  2 quasits
  2 bullfrog zombies
  5 hounds
  12 orc priests
  2 bullfrog skeletons
  3 centaur skeletons
  7 jellies
  13 orc wizards
  Crazy Yiuf (D:6)
  11 worker ants
  An iguana (D:9)
  2 hound zombies
  2 worker ant zombies
  14 gnolls
  A howler monkey skeleton (D:7)
  16 adders
  3 shadow imps
  2 adder zombies
  An adder skeleton (D:9)
  5 worms
  2 dart slugs (D:4)
  5 leopard geckos
  52 orcs
  2 ball pythons
  2 giant cockroaches
  A goblin (D:1)
  7 hobgoblins
  16 jackals
  5 quokkas
  6 bats
  2 frilled lizards
  10 kobolds
  2 quokka skeletons
  7 rats
330 creatures vanquished.

Vanquished Creatures (collateral kills)
  The ghost of floatRand the Insei, an amateur DsMo of Qazlal (D:4)
  A necrophage (D:11)
  A big kobold (D:4)
  A worker ant zombie (D:7)
  3 orcs (D:7)
  3 kobolds (D:4)
10 creatures vanquished.

Vanquished Creatures (others)
  A wight (D:4)
  An orc wizard (D:7)
  A ball lightning (D:11)
  2 fungi (D:4)
  3 plants
8 creatures vanquished.

Grand Total: 348 creatures vanquished

Notes
Turn   | Place    | Note
-------+----------+-------------------------------------------
     0 | D:1      | vishdafish the Minotaur Fighter began the quest for the
                  | Orb.
     0 | D:1      | Reached XP level 1. HP: 19/19 MP: 0/0
   133 | D:1      | Reached XP level 2. HP: 24/27 MP: 1/1
   673 | D:2      | Reached XP level 3. HP: 14/33 MP: 2/2
   873 | D:2      | Reached skill level 3 in Axes
  1007 | D:2      | Found a hazy altar of Hepliaklqana.
  1128 | D:2      | Found a sparkling altar of Nemelex Xobeh.
  1162 | D:2      | Became a worshipper of Nemelex Xobeh the Trickster
  1202 | D:2      | Reached XP level 4. HP: 40/41 MP: 3/3
  1481 | D:3      | Received a gift from Nemelex Xobeh
  1553 | D:3      | Found a shimmering altar of Xom.
  1555 | D:3      | Found a shimmering altar of Xom.
  1604 | D:3      | Found a snail-covered altar of Cheibriados.
  1655 | D:3      | Found a shattered altar of Ashenzari.
  1725 | D:3      | Found a shimmering altar of Xom.
  1732 | D:3      | Reached skill level 1 in Invocations
  1739 | D:3      | Found a shimmering altar of Xom.
  1739 | D:3      | Found a shimmering altar of Xom.
  1739 | D:3      | Found a shimmering altar of Xom.
  1975 | D:4      | Found a runed translucent gate.
  1975 | D:4      | Found a runed translucent gate.
  1975 | D:4      | Found a runed translucent gate.
  1975 | D:4      | Noticed a big kobold
  1975 | D:4      | Noticed floatRand's ghost (amateur DsMo)
  1975 | D:4      | Identified the cursed +0 whip of Joyful Slaughter {venom,
                  | *Drain rElec rPois}
  1975 | D:4      | Noticed a big kobold
  1979 | D:4      | Reached XP level 5. HP: 46/47 MP: 3/5
  2044 | D:4      | Found a staircase to the Ecumenical Temple.
  2074 | D:4      | Reached skill level 5 in Fighting
  2346 | D:4      | Found a shimmering blue altar of Sif Muna.
  2375 | D:4      | Reached skill level 5 in Shields
  2387 | D:4      | Reached XP level 6. HP: 56/56 MP: 6/6
  2390 | D:4      | Found an iron altar of Okawaru.
  2423 | D:4      | Reached skill level 4 in Axes
  2427 | D:4      | Reached skill level 5 in Armour
  2448 | D:4      | Reached XP level 7. HP: 20/61 MP: 8/8
  3045 | D:4      | Found a burning altar of Makhleb.
  3049 | D:4      | Found an ancient bone altar of Kikubaaqudgha.
  3259 | D:4      | Killed floatRand's ghost
  3259 | D:4      | Reached skill level 5 in Axes
  3340 | D:5      | Entered Level 5 of the Dungeon
  3368 | D:5      | Reached XP level 8. HP: 46/70 MP: 10/10
  3782 | D:4      | Reached skill level 5 in Invocations
  4101 | D:5      | Identified Yxtoicw's Tome of Congealing Transformation
  4124 | D:5      | Reached * piety under Nemelex Xobeh
  4713 | D:6      | Received a gift from Nemelex Xobeh
  4780 | D:6      | Found a runed translucent door.
  4781 | D:6      | Noticed Crazy Yiuf
  4811 | D:6      | Reached ** piety under Nemelex Xobeh
  4845 | D:6      | Reached skill level 6 in Axes
  4905 | D:6      | Reached XP level 9. HP: 44/78 MP: 12/12
  5048 | D:6      | Noticed Dowan
  5049 | D:6      | Noticed Duvessa
  5077 | D:6      | Killed Duvessa
  5079 | D:6      | Killed Dowan
  5409 | D:6      | Killed Crazy Yiuf
  5465 | D:7      | Found Kipy's Assorted Antiques.
  5528 | D:7      | Found a glowing silver altar of Zin.
  5860 | D:7      | Paralysed by a hornet for 1 turns
  5863 | D:7      | Paralysed by a hornet for 2 turns
  5869 | D:7      | Reached skill level 7 in Axes
  6018 | D:7      | Found an opulent altar of Gozag.
  6215 | D:7      | Reached XP level 10. HP: 87/87 MP: 15/15
  6306 | D:7      | Reached *** piety under Nemelex Xobeh
  6306 | D:7      | Noticed a moth of wrath
  6308 | D:7      | Found a bloodstained altar of Trog.
  6726 | D:8      | Reached skill level 8 in Axes
  6952 | D:8      | Found a staircase to the Lair.
  6988 | D:8      | Received a gift from Nemelex Xobeh
  7320 | D:8      | Noticed Erica
  7371 | D:8      | Killed Erica
  7828 | D:9      | Noticed a two-headed ogre
  7837 | D:9      | Killed a two-headed ogre
  8091 | D:9      | Reached skill level 1 in Throwing
  8107 | D:9      | Reached XP level 11. HP: 12/96 MP: 17/17
  8269 | D:9      | Found a viscous altar of Jiyva.
  8665 | D:9      | Received a gift from Nemelex Xobeh
  8741 | D:10     | Entered Level 10 of the Dungeon
  8868 | D:10     | Reached skill level 9 in Axes
  8938 | D:10     | Found a sparkling altar of Nemelex Xobeh.
  9148 | D:10     | Reached **** piety under Nemelex Xobeh
  9283 | D:10     | Received a gift from Nemelex Xobeh
  9657 | D:10     | Received a gift from Nemelex Xobeh
  9926 | D:10     | Reached skill level 5 in Throwing
 10192 | D:11     | Reached skill level 10 in Axes
 10297 | D:11     | Found a staircase to the Orcish Mines.
 10327 | D:11     | Received a gift from Nemelex Xobeh
 10764 | D:11     | Received a gift from Nemelex Xobeh
 10795 | D:11     | Noticed a two-headed ogre
 10802 | D:11     | Killed a two-headed ogre
 11221 | D:11     | Reached skill level 1 in Dodging
 11221 | D:11     | Reached skill level 11 in Axes
 11221 | D:11     | Reached XP level 12. HP: 27/103 MP: 18/18
 11222 | D:11     | Slain by a yak

Levels and vault maps discovered:
D:1:      dpeg_arrival_simpleton_c, layout_rooms, roderic_serpentine_path,
          minmay_quantized
D:2:      layout_loops_ring, marbit_many_paths, lemuel_round_altar,
          chequers_serial_rivers_large_a
D:3:      layout_basic, cheibriados_altar_1, lemuel_round_altar, xom_redecorated
D:4:      layout_basic, lemuel_doored_altar, led_sif_pool, lemuel_round_altar,
          kiku_gazebo_garden_becter, temple_hall, gammafunk_ghost_nasty_kobolds
D:5:      layout_cave_pods, first_ration
D:6:      layout_cave_pools, uniq_crazy_yiuf_cottage, uniq_duvessa
D:7:      layout_rooms, old_standard_altar, lemuel_crystal_altar, tgw_trog,
          nicolae_overflow_hidden_temple, serial_shops, shop, grunt_ogre_cave,
          minmay_puff
D:8:      layout_loops_ring, minmay_lair_entry_grove, minmay_crystal_room,
          lightli_orcish_oven, uniq_erica
D:9:      layout_cave_pods, jiyva_altar_1
D:10:     layout_basic, nemelex_xobeh_ov_fountains_minmay
D:11:     layout_grid_maze, erik_orc_4, minmay_misc_feat_enclosed, minivault_27,
          lightli_corner_chamber
D:12:     layout_basic

Skill      XL: |  1  2  3  4  5  6  7  8  9 10 11 |
---------------+----------------------------------+-----
Fighting       | 4 5 6 7 8 9 |  9.3
Shields        | 4 5 6 7 8 9 |  9.2
Axes           | 3 4 5 6 7 8 11 | 11.0
Armour         | 4 5 6 7 9 |  9.0
Invocations    | 1 2 3 4 6 8 9 |  9.5
Throwing       | 2 8 |  8.2
Dodging        | 1 |  1.5

Action                   |  1- 3 |  4- 6 |  7- 9 | 10-12 || total
-------------------------+-------+-------+-------+-------++-------
Melee: War axe           |    62 |    85 |   401 |   555 ||  1103
       Headbutt          |     8 |    14 |    68 |   126 ||   216
Throw: Javelin           |       |       |     3 |     7 ||    10
       Throwing net      |       |       |     1 |       ||     1
 Abil: Draw Destruction  |       |     3 |     1 |    12 ||    16
       Draw Summoning    |       |       |     2 |     3 ||     5
       Draw Escape       |       |       |       |     8 ||     8
Evoke: Wand              |       |       |     6 |     6 ||    12
  Use: Potion            |     1 |       |       |       ||     1
       Scroll            |     3 |       |     3 |     2 ||     8
  Eat: Chunk             |       |     5 |    12 |     8 ||    25
       Ration            |       |       |       |     5 ||     5
Armor: Scale mail        |    45 |    21 |   224 |   194 ||   484
Dodge: Dodged            |    22 |    24 |   145 |   180 ||   371
Block: Shield            |    49 |    45 |   271 |   336 ||   701

Table legend:
 A = Non-vault XP
 B = Vault XP
 C = Vault XP percentage of total XP
 D = Non-vault monster count
 E = Vault monster count
 F = Vault count percentage of total count
                 A         B        C        D         E       F
            +---------+---------+-------+---------+---------+-------
      Total |   17376 |    4575 |  20.8 |     274 |      68 |  19.9
            +---------+---------+-------+---------+---------+-------
        D:1 |      17 |       4 |  19.0 |      11 |       3 |  21.4
        D:2 |      88 |       2 |   2.2 |       9 |       1 |  10.0
        D:3 |      54 |       0 |   0.0 |      14 |       0 |   0.0
        D:4 |    1158 |     259 |  18.3 |      35 |      11 |  23.9
        D:5 |     552 |       0 |   0.0 |      27 |       0 |   0.0
        D:6 |    1036 |     269 |  20.6 |      31 |       3 |   8.8
        D:7 |    2061 |     312 |  13.1 |      39 |      10 |  20.4
        D:8 |     478 |    3022 |  86.3 |      13 |      20 |  60.6
        D:9 |    2356 |     170 |   6.7 |      18 |       4 |  18.2
       D:10 |    2751 |       0 |   0.0 |      32 |       0 |   0.0
       D:11 |    6825 |     537 |   7.3 |      45 |      16 |  26.2
            +---------+---------+-------+---------+---------+-------
